AoeStats
← BP_

Black Forest

510879577Analyzed
4v4 RM · 19h ago on Oct 2, 2026· 62m 33s· 8 players
Game mode
Random Map
Map size
Large (8 player)
Population
200
Speed
Normal
Resources
Standard
Victory
Conquest
Starting age
Dark Age
Ending age
Imperial Age
RankedLock teamsTeams togetherTeam positionsShared explorationLock speedFull tech treeHidden civsTurbo modeCheats
Victory
Defeat
🇧🇷 Hindustanis · Brazil
1262
+12
🇧🇷 Sicilians · Brazil
1186
+15
🇧🇷 Khitans · Brazil
1177
+16
🇪🇸 Danes · Spain
1161
+16
🇨🇴 Khmer · Colombia
1236
-18
🇰🇷 Persians · South Korea
1208
-16
🇳🇿 Turks · New Zealand
1131
-13
🇧🇷 Byzantines · Brazil
1108
-12
KRAIKTON
10:58 Feudal Age
12:07 Double-Bit Axe
15:27 Castle Age
17:02 Bow Saw
17:33 Horse Collar
18:17 Heavy Plow
22:14 Wheelbarrow
22:23 Loom
23:25 Gold Mining
23:28 Stone Mining
26:47 Gold Shaft Mining
27:03 Hand Cart
27:29 Town Watch
28:21 Stone Shaft Mining
31:36 Imperial Age
29:20 Scale Mail Armor
29:31 Forging
29:11 Hamask
31:14 Chain Mail Armor
31:35 Iron Casting
30:48 Arson
31:04 Squires
30:50 Gambesons
32:03 Northmen's Fury
33:06 Conscription
33:19 Plate Mail Armor
32:19 Capped Ram
32:50 Elite Jomsviking
33:55 Siege Ram
36:09 Blast Furnace
35:38 Siege Engineers
45:29 Onager
46:53 Siege Onager
49:35 Chemistry
Thiago89FJ
1:19 Loom
10:27 Feudal Age
15:32 Castle Age
14:04 Double-Bit Axe
15:57 Horse Collar
18:33 Wheelbarrow
17:45 Town Watch
20:12 Bow Saw
20:17 Heavy Plow
27:58 Padded Archer Armor
27:49 Fletching
29:38 Leather Archer Armor
29:19 Bodkin Arrow
35:28 Imperial Age
33:06 Stone Mining
33:07 Gold Mining
36:33 Ballistics
38:12 Chemistry
39:26 Ring Archer Armor
38:58 Bracer
39:27 Heavy Cavalry Archer
42:00 Scale Barding Armor
41:55 Scale Mail Armor
42:06 Forging
45:59 Chain Barding Armor
46:15 Iron Casting
45:03 Heavy Camel Rider
54:17 Plate Barding Armor
55:51 Blast Furnace
57:53 Caravan
Pino
1:19 Loom
13:12 Feudal Age
18:56 Castle Age
18:08 Double-Bit Axe
18:05 Horse Collar
19:01 Man-at-Arms
19:53 Long Swordsman
21:20 Squires
25:38 Forging
25:28 Scale Mail Armor
26:07 Arson
26:09 Gambesons
28:14 Iron Casting
27:54 Chain Mail Armor
30:15 Bow Saw
30:22 Pikeman
32:53 Caravan
37:15 Imperial Age
37:18 Two-Handed Swordsman
39:05 Blast Furnace
38:35 Plate Mail Armor
39:16 Chemistry
38:09 Champion
40:18 Plate Mail Armor
40:33 Onager
45:08 Halberdier
51:17 Capped Ram
56:38 Siege Ram
K
10:47 Feudal Age
11:12 Loom
12:54 Double-Bit Axe
17:02 Castle Age
15:36 Fletching
16:29 Forging
19:45 Iron Casting
20:42 Scale Mail Armor
26:03 Sanctity
26:51 Wheelbarrow
28:58 Heavy Cavalry Archer
30:21 Bodkin Arrow
31:06 Padded Archer Armor
32:04 Bow Saw
37:36 Imperial Age
37:23 Leather Archer Armor
38:50 Chain Mail Armor
38:06 Elite Skirmisher
38:25 Capped Ram
40:09 Fortified Wall
40:26 Scale Barding Armor
40:59 Bracer
41:30 Hand Cart
41:11 Capped Ram
43:56 Ring Archer Armor
44:47 Lamellar Armor
46:34 Chemistry
46:32 Guard Tower
47:36 Masonry
49:07 Plate Mail Armor
49:21 Ballistics
50:20 Squires
50:48 Murder Holes
50:20 Elite Fire Lancer
54:29 Chain Barding Armor
54:12 Pikeman
54:31 Siege Ram
57:52 Coinage
62:20 Light Cavalry
63:01 Husbandry
SATOLEP
2:00 Loom
9:34 Feudal Age
16:09 Castle Age
15:36 Double-Bit Axe
17:00 Horse Collar
21:48 Wheelbarrow
21:01 Town Watch
24:10 Bloodlines
24:00 Husbandry
26:47 Forging
27:46 Scale Barding Armor
28:16 Iron Casting
30:04 Chain Barding Armor
34:07 Imperial Age
31:53 Hand Cart
34:09 Cavalier
34:55 Capped Ram
36:59 Heavy Scorpion
37:48 Gold Mining
38:41 Elite Battle Elephant
39:34 Tusk Swords
40:44 Double Crossbow
42:35 Conscription
45:42 Plate Barding Armor
46:08 Blast Furnace
48:36 Light Cavalry
51:52 Chemistry
50:58 Siege Engineers
51:35 Hussar
57:20 Hoardings
BP_
1:59 Loom
10:32 Feudal Age
12:57 Wheelbarrow
17:02 Castle Age
15:03 Double-Bit Axe
15:27 Stone Mining
15:43 Horse Collar
18:29 Bow Saw
28:47 Heavy Plow
32:04 Imperial Age
31:58 Gold Mining
33:25 Conscription
34:08 Chemistry
34:02 Gold Shaft Mining
33:56 Fletching
34:06 Padded Archer Armor
35:06 Scale Barding Armor
36:26 Crop Rotation
36:58 Two-Man Saw
36:00 Bodkin Arrow
36:36 Chain Barding Armor
36:53 Leather Archer Armor
36:48 Thumb Ring
37:12 Bracer
36:56 Crossbowman
37:57 Arbalester
39:16 Hand Cart
39:11 Elite Skirmisher
40:25 Ring Archer Armor
41:24 Ballistics
41:11 Husbandry
41:57 Plate Barding Armor
41:39 Guilds
43:43 Heavy Camel Rider
44:41 Logistica
43:55 Elite Cataphract
Alpenhime
4:59 Loom
10:42 Feudal Age
14:50 Castle Age
13:04 Double-Bit Axe
13:03 Horse Collar
15:28 Bow Saw
19:22 Heavy Plow
21:13 Pikeman
21:34 Man-at-Arms
22:16 Crossbowman
23:45 Fletching
23:56 Scale Mail Armor
23:52 Long Swordsman
25:50 Forging
27:21 Chain Mail Armor
29:18 Wheelbarrow
28:29 Town Watch
30:07 Stone Mining
30:08 Gold Mining
32:57 Imperial Age
30:20 Stone Mining
30:23 Gold Mining
30:56 Bodkin Arrow
31:03 Padded Archer Armor
31:52 Thumb Ring
32:18 Ballistics
31:49 Gambesons
32:19 Scale Barding Armor
33:57 Crop Rotation
34:31 Two-Man Saw
35:17 Kamandaran
35:39 Leather Archer Armor
35:55 Conscription
36:21 Caravan
36:51 Coinage
36:31 Guilds
37:14 Plate Mail Armor
37:15 Ring Archer Armor
37:22 Hand Cart
38:36 Chemistry
37:51 Masonry
38:06 Bloodlines
37:56 Husbandry
37:17 Cavalier
37:36 Elite Skirmisher
39:39 Chain Barding Armor
39:54 Iron Casting
40:15 Banking
39:27 Elite War Elephant
40:21 Citadels
42:16 Plate Barding Armor
42:51 Guard Tower
43:32 Architecture
42:58 Murder Holes
47:08 Blast Furnace
45:33 Savar
45:34 Light Cavalry
48:13 Hussar
48:15 Heavy Camel Rider
48:55 Halberdier
49:36 Squires
49:22 Arson
scrawnny12
11:12 Feudal Age
12:09 Double-Bit Axe
16:05 Castle Age
14:55 Horse Collar
15:11 Stone Mining
17:36 Bow Saw
30:19 Imperial Age
29:39 Gold Mining
31:49 Wheelbarrow
30:59 Loom
32:12 Gold Shaft Mining
31:58 Artillery
32:23 Conscription
32:42 Fletching
33:18 Ballistics
33:41 Hand Cart
33:27 Bodkin Arrow
35:45 Sipahi
35:36 Bracer
35:37 Padded Archer Armor
38:30 Leather Archer Armor
40:20 Heavy Cavalry Archer
41:26 Parthian Tactics
42:41 Bloodlines
43:57 Thumb Ring
47:45 Bloodlines
47:36 Husbandry
Connection lost

Rejoining the realm…

Still unreachable

The connection could not be restored.

Session expired

The server has moved on; the page needs a fresh start.